 Dungeon Crawl Stone Soup version 0.31.0-12-g77e489cdc1 (webtiles) character file.

Game seed: 11546558794438760886

4336 Marvel the Covert (level 10, -2/63 HPs)
             Began as an Octopode Shapeshifter on Feb 15, 2024.
             Was a Follower of Dithmenos.
             Slain by Descartes's ghost (9 damage)
             ... on level 4 of the Dungeon.
             The game lasted 00:13:42 (7526 turns).

Marvel the Covert (Octopode Shapeshifter)           Turns: 7526, Time: 00:13:42

Health: -2/63      AC:  1    Str: 10 (12) XL:     10   Next: 33%
Magic:  10/10      EV: 13    Int: 16      God:    Dithmenos [*.....]
Gold:   528        SH:  9    Dex: 22      Spells: 9/9 levels left

rFire   . .          .
                       - Unarmed
rCold   . . .        i - +0 kite shield
rNeg    . . .        (helmet currently unavailable)
rPois   .            (no amulet)
rElec   .            m - +6 ring of dexterity
rCorr   +            h - ring of resist corrosion
SInv    .            e - ring of willpower
Will    ++...        l - ring of willpower
Stlth   ++++++++     (no ring)
HPRegen 0.30/turn    (no ring)
MPRegen 0.12/turn    (no ring)
                     (no ring)

%: no passive effects
@: beast-form, wreathed by umbra, studying Stealth
A: beast (slay +3), almost no armour, amphibious, 8 rings, camouflage 1,
gelatinous body 1, (nimble swimmer 1), tentacles, clever 1
a: Begin Untransformation, Renounce Religion


You were on level 4 of the Dungeon.
You worshipped Dithmenos.
Dithmenos was aware of your devotion.
You were a hulking beast.
You visited 2 branches of the dungeon, and saw 9 of its levels.

You collected 528 gold pieces.

Inventory:

Armour
 i - a +0 kite shield (worn)
Jewellery
 a - a ring of willpower
 e - a ring of willpower (on tentacle)
 h - a ring of resist corrosion (right tentacle)
 l - a ring of willpower (on tentacle)
 m - a +6 ring of dexterity (left tentacle)
Talismans
 b - a beast talisman
 c - a flux talisman
 g - a blade talisman
Wands
 q - a wand of polymorph (21)
 w - a wand of paralysis (9)
Scrolls
 f - a scroll of fog {unknown}
 j - 3 scrolls of noise {unknown}
 n - a scroll of vulnerability
 o - 3 scrolls of identify
 r - a scroll of blinking
 u - a scroll of amnesia
Potions
 d - a potion of resistance
 p - a potion of ambrosia
 s - 2 potions of curing


   Skills:
 + Level 3.1 Fighting
 + Level 4.7 Dodging
 + Level 12.5 Stealth
 + Level 0.7 Shields
 + Level 9.6 Unarmed Combat
 * Level 6.9 Shapeshifting


You had 9 spell levels left.
You didn't know any spells.
Your spell library contained the following spells:

 Spells                   Type           Power      Damage    Failure   Level
 Dazzling Flash           Conj/Hex       0%         N/A       99%         3
 Gell's Gravitas          Tloc           0%         N/A       99%         3
 Inner Flame              Hex/Fire       0%         N/A       99%         3
 Mephitic Cloud           Conj/Alch/Air  0%         N/A       99%         3
 Teleport Other           Tloc           0%         N/A       99%         3
 Volatile Blastmotes      Fire/Tloc      0%         2d10      99%         3
 Animate Dead             Necr           0%         N/A       100%        4
 Flame Wave               Conj/Fire      0%         2d4       100%        4
 Petrify                  Alch/Erth      0%         N/A       100%        4
 Sticky Flame             Fire/Alch      0%         2d4       100%        4
 Curse of Agony           Necr           0%         N/A       100%        5
 Silence                  Hex/Air        0%         N/A       100%        5
 Dispersal                Tloc           0%         N/A       100%        6
 Haunt                    Necr/Summ      0%         N/A       100%        7
 Malign Gateway           Summ/Tloc      0%         N/A       100%        7
 Infestation              Necr           0%         N/A       100%        8


Dungeon Overview and Level Annotations

Branches:
Dungeon (8/15)             Temple (1/1) D:6
   Lair: D:8-11

Altars:
Ashenzari
Cheibriados
Dithmenos
Elyvilon
Fedhas
Gozag
Hepliaklqana
Kikubaaqudgha
Makhleb
Nemelex Xobeh
Okawaru
Qazlal
Sif Muna
Trog
Uskayaw
Vehumet
Wu Jian
Xom
Yredelemnul
Zin
The Shining One

Shops:
D:8 [

Annotations:
D:4 Descartes's ghost, novice FoFi


Innate Abilities, Weirdness & Mutations

You are a hulking beast.
Your limbs bulge with bestial killing power. (Slay +3)
You cannot wear most types of armour.
You are amphibious.
You can wear up to eight rings at the same time.
Your skin changes colour to match your surroundings (Stealth+).
Your rubbery body absorbs attacks. (AC +1, EV +1)
((You are camouflaged when in or above water. (Stealth+)))
You have tentacles for arms and can constrict up to eight enemies at once.
Your mind is acute. (Int +4, Str/Dex -1)


Message History

Descartes's ghost is moderately damaged.
Descartes's ghost shrieks, "There is no future for me!"
Descartes's ghost hits you. Descartes's ghost freezes you.
You are too injured to fight recklessly!
You are too injured to fight recklessly!
You are too injured to fight recklessly!
You are too injured to fight recklessly!
You bludgeon Descartes's ghost!
Descartes's ghost is moderately damaged.
Descartes's ghost barely misses you.
You barely miss Descartes's ghost.
Descartes's ghost is moderately damaged.
Descartes's ghost hits you. Descartes's ghost freezes you.
You bludgeon Descartes's ghost!
Descartes's ghost is heavily damaged.
You block Descartes's ghost's attack.
You tentacle-slap Descartes's ghost.
Descartes's ghost is severely damaged.
Descartes's ghost hits you but does no damage.
You tentacle-slap Descartes's ghost. Your squeeze misses Descartes's ghost.
Descartes's ghost is severely damaged.
Descartes's ghost closely misses you.
You tentacle-slap Descartes's ghost.
Descartes's ghost is severely damaged.
Descartes's ghost hits you! Descartes's ghost freezes you.
You closely miss Descartes's ghost.
Your tentacle-slap misses Descartes's ghost.
Descartes's ghost is severely damaged.
Descartes's ghost hits you but does no damage.
Descartes's ghost barely misses you.
You closely miss Descartes's ghost.
Descartes's ghost is severely damaged.
Descartes's ghost hits you!
* * * LOW HITPOINT WARNING * * *
Descartes's ghost freezes you.
* * * LOW HITPOINT WARNING * * *
You closely miss Descartes's ghost.
Descartes's ghost is severely damaged.
Descartes's ghost hits you!
You die...

...###........### ###.. ...#
#.......## ###....
..####.......# ###...... ..#
#....##..####### ###...#<...
.##
#.###..........####...####...
.# ###.............#...###
#...
#####.................###
##.. ##.......#.......W...##
### #...............h.....#
####'''####...........##
#.........#...[........#
#⌠..%....⌠#............##
#.........#.............##
#(........#..............#
##8.....8##............#.##
###(.⌠..##.............#..##
#######..............##..#


You could see Descartes's ghost.

Vanquished Creatures
  A two-headed ogre (D:8)
  Pikel (D:7)
  A hornet (D:8)
  Grinder (D:4)
  Sigmund (D:2)
  A wyvern (D:8)
  Menkaure (D:4)
  The ghost of Limofeus the Conjurer, an amateur DECj (D:4)
  A water moccasin (D:7)
  3 black bears
  3 ice beasts (D:6)
  2 ogres
  2 centaurs
  A kobold brigand (D:8)
  A bullfrog (D:7)
  3 scorpions
  4 wights (D:7)
  3 bombardier beetles
  4 hounds
  3 orc priests
  3 jellies
  5 iguanas
  A sleepcap (D:6)
  Jessica (D:2)
  2 orc wizards
  Ijyb (D:4)
  8 adders
  4 gnolls (D:3)
  2 white imps
  2 ufetubi (D:5)
  2 adder zombies (D:3)
  A ribbon worm (D:2)
  3 dart slugs
  11 orcs
  3 endoplasms
  3 giant cockroaches
  3 goblins
  8 hobgoblins
  6 jackals
  10 quokkas
  7 ball pythons
  5 bats
  A frilled lizard (D:2)
  7 kobolds
137 creatures vanquished.

Notes
Turn   | Place    | Note
-------+----------+-------------------------------------------
     0 | D:1      | Marvel the Octopode Shapeshifter began the quest for the
                  | Orb.
     0 | D:1      | Reached XP level 1. HP: 13/13 MP: 1/1
   190 | D:1      | Reached XP level 2. HP: 18/18 MP: 2/2
   871 | D:2      | Reached XP level 3. HP: 20/23 MP: 3/3
  1062 | D:2      | Noticed Jessica
  1067 | D:2      | Killed Jessica
  1068 | D:2      | Reached skill level 1 in Stealth
  1068 | D:2      | Reached XP level 4. HP: 26/28 MP: 4/4
  1158 | D:2      | Noticed Sigmund
  1164 | D:2      | Killed Sigmund
  1165 | D:2      | Reached skill level 3 in Stealth
  1165 | D:2      | Reached XP level 5. HP: 33/33 MP: 5/5
  1165 | D:2      | Reached XP level 6. HP: 38/38 MP: 6/6
  1202 | D:2      | Found a faded altar of an unknown god.
  1614 | D:3      | Found a basalt altar of Yredelemnul.
  1878 | D:3      | Reached skill level 5 in Unarmed Combat
  1964 | D:3      | Reached skill level 4 in Stealth
  2136 | D:3      | Gained mutation: Your mind is acute. (Int +4, Str/Dex -1)
                  | [potion of mutation]
  2146 | D:3      | Reached XP level 7. HP: 20/43 MP: 7/7
  2488 | D:3      | You fall into a shaft and drop 3 floors!
  2579 | D:6      | Found the +7 staff of the Meek {protect, meekguard}
  2652 | D:6      | Reached skill level 5 in Stealth
  2802 | D:6      | Found a staircase to the Ecumenical Temple.
  2811 | Temple   | Entered the Ecumenical Temple
  2817 | Temple   | Became a worshipper of Dithmenos the Shadowed
  2894 | D:5      | Entered Level 5 of the Dungeon
  3053 | D:4      | Noticed Menkaure
  3057 | D:4      | Killed Menkaure
  3058 | D:4      | Reached skill level 5 in Shapeshifting
  3058 | D:4      | Reached XP level 8. HP: 21/50 MP: 8/8
  3261 | D:4      | Found a snail-covered altar of Cheibriados.
  3261 | D:4      | Found a stormy altar of Qazlal.
  3261 | D:4      | Found a shimmering blue altar of Sif Muna.
  3579 | D:4      | Noticed Grinder
  3588 | D:4      | Killed Grinder
  3589 | D:4      | Reached skill level 6 in Stealth
  3721 | D:4      | Found a runed translucent gate.
  3721 | D:4      | Found a runed translucent gate.
  3721 | D:4      | Found a runed translucent gate.
  3724 | D:4      | Noticed Ijyb
  3732 | D:4      | Killed Ijyb
  3941 | D:4      | Reached * piety under Dithmenos
  3983 | D:4      | Noticed Limofeus's ghost (amateur DECj)
  3983 | D:4      | Noticed Descartes's ghost (novice FoFi)
  4312 | D:5      | Reached skill level 7 in Stealth
  4312 | D:5      | Reached XP level 9. HP: 55/55 MP: 9/9
  4558 | D:6      | HP: 1/55 [ice beast (2)]
  4568 | D:6      | Reached skill level 8 in Stealth
  4895 | D:6      | Identified a scroll of acquirement
  4895 | D:6      | Acquired a manual of Stealth
  5126 | D:7      | Noticed Pikel
  5138 | D:7      | Killed Pikel
  5139 | D:7      | Reached skill level 9 in Stealth
  5279 | D:7      | Reached skill level 10 in Stealth
  5284 | D:7      | Found a white marble altar of Elyvilon.
  5615 | D:7      | Got Sujoraqu's Volume of the Planar Quarry
  5654 | D:7      | Found a burning altar of Makhleb.
  6202 | D:8      | Reached skill level 11 in Stealth
  6202 | D:8      | Reached XP level 10. HP: 62/62 MP: 10/10
  6263 | D:8      | Noticed a two-headed ogre
  6273 | D:8      | Killed a two-headed ogre
  6274 | D:8      | Reached skill level 12 in Stealth
  6370 | D:8      | Paralysed by a hornet for 3 turns
  7045 | D:8      | Found Cin Lual's Armour Shoppe.
  7368 | D:4      | Killed Limofeus's ghost
  7526 | D:4      | Slain by Descartes's ghost

Illustrated notes

Levels and vault maps discovered:
D:1:      roderic_crop_circles_arrival_small, layout_loops_cross
D:2:      layout_basic, dreamdust_ecumenical_altar_grove, minmay_quantized,
          uniq_jessica, uniq_sigmund
D:3:      minmay_octagon_keep, layout_loops_ring, nicolae_ru_path_of_blood,
          lemuel_zombie_altar_yredelemnul
D:4:      layout_cave_pods, chequers_temple_overflow_statue_of_worship,
          gammafunk_ghost_cemetery, serial_column_ruins,
          column_ruins_hut_ruined, column_ruins_hut_ruined, column_ruins_grid_4,
          column_ruins_columns_dead_end, column_ruins_open_small,
          column_ruins_grid_1, column_ruins_grid_1, minmay_checkerbox,
          uniq_ijyb, uniq_grinder, uniq_menkaure
D:5:      layout_basic
D:6:      layout_loops_ring, minmay_temple_entry_gardened_gates,
          nicolae_benzene_ring
D:7:      layout_loops_ring, nicolae_elyvilon_temple_path, lemuel_crystal_altar,
          uniq_pikel
D:8:      layout_basic, serial_shops, nicolae_shop_statue_plus
Temple:   hellmonk_temple_two_chambers

Skill      XL: |  1  2  3  4  5  6  7  8  9 10 |
---------------+-------------------------------+-----
Stealth        | 1 3 4 5 7 11 12 | 12.5
Unarmed Combat | 4 5 6 7 9 |  9.6
Shapeshifting  | 4 5 6 |  6.9
Dodging        | 3 4 |  4.7
Fighting       | 2 3 |  3.1
Shields        | |  0.7

Action                     |  1- 3 |  4- 6 |  7- 9 | 10-12 || total
---------------------------+-------+-------+-------+-------++-------
  Melee: Unarmed           |    43 |    55 |   189 |    35 ||   322
         Constrict         |    13 |    17 |    39 |     3 ||    72
         Tentacles         |     7 |    14 |    49 |     7 ||    77
         Punch             |     2 |       |     7 |       ||     9
    Use: Scroll            |       |     5 |     5 |       ||    10
         Potion            |       |     3 |     8 |     3 ||    14
   Stab: Sleeping          |     4 |    12 |    25 |     1 ||    42
         Distracted        |     1 |       |       |       ||     1
 Armour: Skin              |    17 |    27 |    80 |    23 ||   147
  Dodge: Dodged            |    29 |    39 |   107 |    18 ||   193
  Block: Kite shield       |       |       |     3 |    14 ||    17
